 Dungeon Crawl Stone Soup version 0.20-a0-689-g860b9ab (webtiles) character file.

31407 polly the Blocker (level 13, -2/83 HPs)
             Began as a Gargoyle Fighter on Feb 20, 2017.
             Was the Champion of Okawaru.
             Killed from afar by Frances (23 damage)
             ... with an iron shot
             ... on level 14 of the Dungeon.
             The game lasted 00:27:30 (13883 turns).

polly the Blocker (Gargoyle Fighter)               Turns: 13883, Time: 00:27:31

Health: -2/83      AC: 29    Str: 26    XL:     13   Next: 57%
Magic:  12/13      EV: 18    Int: 10    God:    Okawaru [******]
Gold:   802        SH: 13    Dex: 11    Spells: 12/12 levels left

rFire    . . .     SeeInvis .   A - +2 whip (flame)
rCold    . . .     Gourm    .   G - +5 ring mail "Akutaq" {rElec rCorr Str+4}
rNeg     + . .     Faith    .   c - +0 shield
rPois    ∞         Spirit   .   u - +0 helmet
rElec    +         Reflect  .   D - +2 cloak {MR+}
rCorr    +         Harm     .   k - +2 pair of gloves
MR       +....                  (no boots)
Stlth    +.........             (no amulet)
Regen    0.7/turn               (no ring)
MPRegen  0.2/turn               b - +2 ring of evasion

@: no status effects
A: talons 1, repulsion field 1, negative energy resistance 1, regeneration 1,
electricity resistance, unbreathing, petrification resistance, rot immunity, AC
+9
a: Heroism, Finesse, Renounce Religion


You were on level 14 of the Dungeon.
You worshipped Okawaru.
Okawaru was exalted by your worship.
You were hungry.

You visited 2 branches of the dungeon, and saw 16 of its levels.
You also visited: Bailey.

You collected 802 gold pieces.

Inventory:

Hand Weapons
 A - a +2 whip of flaming (weapon)
Missiles
 O - 17 tomahawks of returning (quivered)
Armour
 c - a +0 shield (worn)
 k - a +2 pair of gloves (worn)
 u - a +0 helmet (worn)
 D - a +2 cloak of magic resistance (worn)
 G - the +5 ring mail "Akutaq" (worn) {rElec rCorr Str+4}
   (You found it on level 7 of the Dungeon)

   It affects your strength (+4).
   It insulates you from electricity.
   It protects you from acid and corrosion.
Jewellery
 b - a +2 ring of evasion (left hand)
Wands
 P - a wand of digging (14/24)
Scrolls
 a - a scroll of magic mapping
 h - 3 scrolls of enchant weapon
 i - 5 scrolls of teleportation
 m - 4 scrolls of enchant armour
 n - a scroll of brand weapon
 o - 5 scrolls of recharging
 p - 4 scrolls of remove curse
 q - 7 scrolls of blinking
 s - 2 scrolls of amnesia
 E - 3 scrolls of fog
 F - a scroll of holy word
 K - a scroll of vulnerability
 M - 2 scrolls of immolation
 R - 2 scrolls of acquirement
Potions
 d - a potion of might
 e - a potion of magic
 g - 4 potions of agility
 r - 2 potions of mutation
 t - 2 potions of berserk rage
 x - 5 potions of brilliance {unknown}
 z - 4 potions of heal wounds
 B - 2 potions of ambrosia {unknown}
 C - 2 potions of invisibility {unknown}
 H - a potion of resistance
 J - a potion of flight {unknown}
 L - 4 potions of curing
 Q - a potion of haste {unknown}
Books
 y - a book of Misfortune

   Spells                             Type                      Level
   a - Confusing Touch                Hexes                        1
   b - Confuse                        Hexes                        3
   c - Gell's Gravitas                Hexes/Translocation          3
   d - Petrify                        Transmutation/Earth          4
   e - Metabolic Englaciation         Hexes/Ice                    5
   f - Yara's Violent Unravelling     Hexes/Transmutation          5
 I - the Collected Works on Nocuous Earth
   (You found it on level 13 of the Dungeon)

   Spells                             Type                      Level
   a - Stone Arrow                    Conjuration/Earth            3
   b - Spider Form                    Transmutation/Poison         3
   c - Venom Bolt                     Conjuration/Poison           5
   d - Shatter                        Earth                        9
Comestibles
 f - 10 bread rations
 j - 3 royal jellies
 l - 6 meat rations
 N - 7 fruits


   Skills:
 + Level 10.4 Fighting
 + Level 12.4 Maces & Flails
 + Level 1.5 Throwing
 + Level 8.6 Armour
 + Level 7.5 Dodging
 + Level 2.8 Stealth
 + Level 13.4 Shields
 + Level 0.2 Invocations


You had 12 spell levels left.
You didn't know any spells.

Dungeon Overview and Level Annotations

Branches:
Dungeon (15/15)            Temple (1/1) D:7            Lair (0/6) D:10
    Orc (0/2) D:11
 Vaults: D:13-14     Depths: D:15

Altars:
Ashenzari
Cheibriados
Elyvilon
Fedhas
Gozag
Kikubaaqudgha
Nemelex Xobeh
Okawaru
Ru
Sif Muna
Trog
Uskayaw
Yredelemnul
Zin
The Shining One
Beogh

Shops:
D:4 }   D:5 *   D:6 }

Annotations:
D:10 Slurp's ghost, novice DDFi
D:14 Frances
D:15 Kirke


Innate Abilities, Weirdness & Mutations

You are resistant to torment.
Your stone body is resilient. (AC +9)
You are immune to poison.
You resist negative energy. (rN+)
You are resistant to electric shocks. (rElec)
You can survive without breathing.
You are immune to petrification.
You are immune to rotting.
You have sharp toenails.
You are surrounded by a mild repulsion field. (EV +2)
Your natural rate of healing is unusually fast.


Message History

The shard of ice hits you!
You hit Frances. You burn Frances. Your kick misses Frances.
Frances is almost dead.
You block Frances's attack.
The orange demon stings you but does no damage.
You block the orange demon's attack. The smoke demon gestures at you.
Something smites you!
* * * LOW HITPOINT WARNING * * *
You hit Frances. You burn Frances. You claw Frances, but do no damage.
Frances is almost dead.
You hit Frances but do no damage. You claw Frances, but do no damage.
Frances is almost dead.
Frances hits you but does no damage. You block the orange demon's attack.
The orange demon closely misses you.
You closely miss Frances. Your kick misses Frances.
Frances is almost dead.
Frances mutters in a terrible tongue.
The iron shot hits you!
You die...

#.# #.# #.# #.#
#.#
##############.###
................>#
####...#######.#4#
# #...###...#.#@#
####...##......#@#
...'...''......#3#
####.(.##.....##3#
# #...#########.#
# #.... ... #
#..### ### # #..#
# #..


You could see Frances, an orange demon, a sixfirhy and a smoke demon.

Vanquished Creatures
  An orc warlord (Bailey)
  A yaktaur captain (D:13)
  2 hydras
  3 centaur warriors
  Erica (D:11)
  4 two-headed ogres
  2 spriggan berserkers (D:14)
  5 skeletal warriors (D:14)
  A shadow wraith (D:13)
  2 unseen horrors (D:14)
  Pikel (D:4)
  A deep elf mage (D:12)
  A wizard (D:9)
  3 cyclopes
  An ugly thing (D:13)
  Maurice (D:12)
  2 manticores
  A centaur zombie (D:14)
  A gargoyle (D:11)
  A yaktaur (shapeshifter) (D:14)
  3 trolls
  A hornet (D:12)
  A meliai (shapeshifter) (D:13)
  Grinder (D:5)
  8 hippogriffs
  A centaur simulacrum (D:13)
  Sigmund (D:6)
  A wraith (D:12)
  A vampire (D:11)
  7 yaks (D:13)
  A spriggan (shapeshifter) (D:13)
  A yak (shapeshifter) (D:13)
  A hog (D:14)
  A basilisk (D:11)
  A steam dragon (D:12)
  Menkaure (D:4)
  A water moccasin (D:11)
  6 orc warriors
  5 sky beasts
  A hornet zombie (D:13)
  2 ice beasts
  8 ogres
  3 phantoms
  5 centaurs
  A crocodile (D:10)
  Blork the orc (D:5)
  4 big kobolds
  10 bullfrogs
  5 scorpions
  10 killer bees
  11 wights
  4 quasits
  11 crimson imps
  4 jellies
  12 orc priests
  7 hounds
  15 orc wizards
  Crazy Yiuf (D:7)
  A gnoll shaman (D:8)
  2 bullfrog skeletons
  2 centaur skeletons
  2 iguanas
  5 worker ants
  2 killer bee zombies
  A hound zombie (D:6)
  3 hound skeletons
  A worker ant zombie (D:11)
  8 gnolls
  2 river rats (D:10)
  14 adders
  4 shadow imps
  3 oozes
  2 worms
  2 dart slugs (D:2)
  9 leopard geckos
  46 orcs
  6 giant cockroaches
  13 goblins
  9 hobgoblins
  19 jackals
  38 kobolds
  4 quokkas
  A ball python (D:1)
  6 bats
  7 frilled lizards
  2 leopard gecko skeletons
  A quokka skeleton (D:4)
  9 rats
  A spectral orc (D:2)
418 creatures vanquished.

Vanquished Creatures (others)
  A scorpion (D:4)
  An orc wizard (D:4)
  A hound skeleton (D:4)
  A frilled lizard (D:4)
4 creatures vanquished.

Grand Total: 422 creatures vanquished

Notes
Turn   | Place    | Note
-------+----------+-------------------------------------------
     0 | D:1      | polly the Gargoyle Fighter began the quest for the Orb.
     0 | D:1      | Reached XP level 1. HP: 14/14 MP: 1/1
   146 | D:1      | Reached XP level 2. HP: 5/19 MP: 2/2
   812 | D:2      | Reached XP level 3. HP: 22/24 MP: 3/3
  1183 | D:2      | Reached XP level 4. HP: 24/29 MP: 4/4
  1228 | D:2      | Reached skill level 4 in Shields
  1464 | D:2      | Found a basalt altar of Yredelemnul.
  1641 | D:3      | Reached XP level 5. HP: 32/33 MP: 5/5
  1900 | D:3      | Found a snail-covered altar of Cheibriados.
  2027 | D:3      | Found a shattered altar of Ashenzari.
  2211 | D:4      | Reached XP level 6. HP: 25/38 MP: 6/6
  2339 | D:4      | Reached skill level 1 in Dodging
  2635 | D:4      | Reached XP level 7. HP: 33/44 MP: 7/7
  2639 | D:4      | Found Difydyos's Gadget Shoppe.
  2703 | D:4      | Noticed Pikel
  2751 | D:4      | Killed Pikel
  2751 | D:4      | Reached skill level 5 in Fighting
  2751 | D:4      | Reached skill level 5 in Armour
  2751 | D:4      | Reached skill level 5 in Shields
  2751 | D:4      | Reached XP level 8. HP: 8/49 MP: 8/8
  3140 | D:4      | Noticed Menkaure
  3149 | D:4      | Killed Menkaure
  3242 | D:4      | Reached skill level 6 in Shields
  3325 | D:5      | Entered Level 5 of the Dungeon
  3429 | D:5      | Found a white marble altar of Elyvilon.
  3481 | D:5      | Noticed Blork the orc
  3495 | D:5      | Killed Blork the orc
  3552 | D:5      | Got a distressingly furry plate armour
  3555 | D:5      | Found an ancient bone altar of Kikubaaqudgha.
  3573 | D:5      | Noticed Grinder
  3597 | D:5      | Paralysed by Grinder for 6 turns
  3609 | D:5      | Killed Grinder
  3609 | D:5      | Reached XP level 9. HP: 35/54 MP: 9/9
  3634 | D:5      | Identified the cursed +0 plate armour "Qiceowke" {*Slow +Inv Str+7 Stlth+} (You found it on level 5 of the Dungeon)
  3759 | D:5      | Found Zin's Purification Station.
  3759 | D:5      | Found a glowing silver altar of Zin.
  3985 | D:5      | Found a sparkling altar of Nemelex Xobeh.
  4099 | D:6      | Found a sacrificial altar of Ru.
  4172 | D:6      | Found Owagoc's Gadget Shop.
  4255 | D:6      | Found an opulent altar of Gozag.
  4336 | D:6      | You fall through a shaft for 3 floors!
  4336 | D:9      | Found a hide-covered altar of Uskayaw.
  4336 | D:9      | Noticed an enchanted dagger
  4336 | D:9      | Noticed a dagger
  4477 | D:8      | Noticed a two-headed ogre
  4497 | D:7      | Killed a two-headed ogre
  4497 | D:7      | Reached skill level 7 in Shields
  4724 | D:7      | Got a dazzling ring mail
  4736 | D:7      | Identified the +5 ring mail "Akutaq" {rElec rCorr Str+4} (You found it on level 7 of the Dungeon)
  4920 | D:6      | Noticed Sigmund
  4942 | D:6      | Killed Sigmund
  5321 | D:7      | Reached skill level 1 in Stealth
  5321 | D:7      | Reached XP level 10. HP: 61/61 MP: 10/10
  5466 | D:7      | Found a runed door.
  5517 | D:7      | Found a staircase to the Ecumenical Temple.
  5527 | Temple   | Entered the Ecumenical Temple
  5539 | Temple   | Became a worshipper of Warmaster Okawaru
  5581 | D:7      | Reached skill level 8 in Shields
  6012 | D:7      | Noticed Crazy Yiuf
  6016 | D:7      | Paralysed by Crazy Yiuf for 6 turns
  6026 | D:7      | Killed Crazy Yiuf
  6348 | D:8      | Reached * piety under Okawaru
  6516 | D:8      | Found a deep blue altar of Sif Muna.
  6595 | D:8      | Noticed a two-headed ogre
  6610 | D:8      | Killed a two-headed ogre
  6796 | D:9      | Reached skill level 9 in Shields
  7146 | D:9      | Reached skill level 10 in Maces & Flails
  7219 | D:9      | Noticed a wizard
  7239 | D:9      | Killed a wizard
  7239 | D:9      | Reached ** piety under Okawaru
  7286 | D:10     | Entered Level 10 of the Dungeon
  7360 | D:10     | Noticed a two-headed ogre
  7372 | D:10     | Killed a two-headed ogre
  7372 | D:10     | Reached XP level 11. HP: 43/68 MP: 11/11
  7490 | D:10     | Noticed Slurp's ghost (novice DDFi)
  8181 | D:10     | Reached *** piety under Okawaru
  8206 | D:10     | Reached skill level 10 in Shields
  8415 | D:10     | Found a staircase to the Lair.
  8715 | D:11     | Noticed Erica
  8730 | D:11     | Killed Erica
  9175 | D:11     | Found a staircase to the Orcish Mines.
  9184 | D:11     | Found a roughly hewn altar of Beogh.
  9275 | D:11     | Noticed a centaur warrior
  9299 | D:11     | Killed a centaur warrior
  9299 | D:11     | Reached **** piety under Okawaru
  9299 | D:11     | Reached skill level 5 in Dodging
  9409 | D:11     | Gained mutation: You are surrounded by a mild repulsion field. (EV +2) [mutagenic meat]
  9410 | D:11     | Gained mutation: You are frail. (-10% HP) [mutagenic meat]
  9411 | D:11     | Gained mutation: You have sharp toenails. [mutagenic meat]
  9412 | D:11     | Lost mutation: You are frail. (-10% HP) [mutagenic meat]
  9413 | D:11     | Gained mutation: Your natural rate of healing is unusually fast. [mutagenic meat]
  9430 | D:11     | Noticed an eight-headed hydra
  9447 | D:11     | Killed an eight-headed hydra
  9447 | D:11     | Reached skill level 11 in Shields
  9614 | D:12     | Noticed a deep elf mage
  9620 | D:12     | Killed a deep elf mage
  9620 | D:12     | Reached ***** piety under Okawaru
  9628 | D:12     | Noticed Maurice
  9759 | D:12     | Reached XP level 12. HP: 75/75 MP: 12/12
 10343 | D:12     | Found a glowing golden altar of the Shining One.
 10395 | D:12     | Killed Maurice
 10395 | D:12     | Received a gift from Okawaru
 10972 | D:13     | Noticed a yaktaur captain
 10982 | D:13     | Noticed a seven-headed hydra
 10996 | D:13     | Killed a yaktaur captain
 10996 | D:13     | Reached skill level 12 in Shields
 11014 | D:13     | Identified the Collected Works on Nocuous Earth
 11048 | D:13     | Noticed a centaur warrior
 11063 | D:13     | Killed a centaur warrior
 11078 | D:13     | Killed a seven-headed hydra
 11433 | D:13     | Got an ebony whip
 11434 | D:13     | Identified the +3 whip "Aveeseh" {holy, rF- MR++ Int+4} (You found it on level 13 of the Dungeon)
 11893 | D:14     | Reached XP level 13. HP: 75/81 MP: 13/13
 11946 | D:14     | Reached ****** piety under Okawaru
 12143 | D:14     | Received a gift from Okawaru
 12305 | D:14     | Reached skill level 10 in Fighting
 12326 | D:14     | Found a flagged portal.
 12336 | Bailey   | Entered a bailey
 12362 | Bailey   | Noticed an orc warlord
 12479 | Bailey   | Found a runed gate.
 12479 | Bailey   | Found a runed gate.
 12480 | Bailey   | Found a runed gate.
 12733 | Bailey   | Killed an orc warlord
 12733 | Bailey   | Reached skill level 1 in Throwing
 12733 | Bailey   | Reached skill level 13 in Shields
 12767 | Bailey   | Identified 2 scrolls of acquirement
 12943 | D:14     | Received a gift from Okawaru
 12993 | D:15     | Entered Level 15 of the Dungeon
 13019 | D:15     | Noticed Kirke
 13853 | D:14     | Noticed Frances
 13883 | D:14     | Killed from afar by Frances

Vault maps used:
D:1:      onia_arrival_mini_maze_b, nrook_uturn, grunt_decor_arrowhead
D:2:      yredelemnul_forgotten_temple_becter, kennysheep_potato
D:3:      old_standard_altar, nicolae_overflow_hidden_temple,
          cheibriados_altar_1
D:4:      first_bread, serial_shops, kennysheep_little_box, uniq_menkaure,
          uniq_pikel
D:5:      kiku_gazebo_pond_becter, nemelex_xobeh_ov_fountains_minmay,
          zin_purify, old_standard_altar, uniq_grinder, uniq_blork_the_orc
D:6:      nicolae_ru_awakened_eye, grunt_gozag_statues, serial_shops, shop,
          uniq_sigmund
D:7:      cheibrodos_quashed, temple_green, kennysheep_big_empty_room,
          uniq_crazy_yiuf_cottage
D:8:      marbit_many_paths
D:9:      dancing_weapons_uskayaw, grunt_ogre_cave, minmay_strange_pillars,
          lightli_wizard_tower
D:10:     lair_entry_dummy, pond
D:11:     minmay_orc_entry_temple_small, uniq_erica
D:12:     nicolae_tso_swordbearing_angel, uniq_maurice
D:13:     minmay_evil_grid
D:14:     grunt_vaults_entry_tiered, enter_bailey_3, serial_bayou_pond_a,
          minmay_guarded_unrand_wrath_of_trog, uniq_frances
D:15:     grunt_enter_depths_magical_seal, hangedman_decor_clover_reticule,
          corexii_leaking_fountain, uniq_kirke
Temple:   compressed_dpeg_triangle_lava_temple
Bailey:   bailey_axe_bossmonster_kennysheep, bailey

Skill      XL: |  1  2  3  4  5  6  7  8  9 10 11 12 13 |
---------------+----------------------------------------+-----
Fighting       | 4 5 6 7 8 9 10 | 10.4
Shields        | 4 5 6 7 9 11 12 13 | 13.4
Maces & Flails | 3 4 6 7 9 10 11 12 | 12.4
Armour         | 4 5 7 8 |  8.6
Dodging        | 1 2 3 5 6 7 |  7.5
Stealth        | 1 2 |  2.8
Throwing       | 1 |  1.5
Invocations    | |  0.2

Action                   |  1- 3 |  4- 6 |  7- 9 | 10-12 | 13-15 || total
-------------------------+-------+-------+-------+-------+-------++-------
Melee: Flail             |   115 |   209 |    51 |       |       ||   375
       Whip              |       |       |   289 |  1539 |   617 ||  2445
       Kick              |       |       |       |   265 |   213 ||   478
Throw: Tomahawk          |       |       |       |       |    30 ||    30
Invok: Heroism           |       |       |       |       |     3 ||     3
  Use: Scroll            |       |     3 |     8 |    10 |     9 ||    30
       Potion            |       |       |     1 |       |     4 ||     5
  Eat: Chunk             |       |     4 |     7 |    26 |     7 ||    44
       Royal jelly       |       |     1 |       |     1 |       ||     2
       Fruit             |       |       |     1 |       |       ||     1
Armor: Scale mail        |    73 |    98 |    70 |       |       ||   241
       Plate armour      |       |       |    28 |       |       ||    28
       Ring mail         |       |       |    11 |   507 |   116 ||   634
Dodge: Dodged            |    32 |    74 |    70 |   640 |   204 ||  1020
Block: Shield            |    52 |   101 |   123 |   755 |   263 ||  1294
